 Dungeon Crawl Stone Soup version 0.21-a0-630-g344d351 (webtiles) character file.

127 VirginKiller the Changer (level 4, -7/34 HPs)
             Began as a Demigod Transmuter on Dec 27, 2017.
             Mangled by Grinder (9 damage)
             ... while paralysed by Grinder
             ... on level 3 of the Dungeon.
             The game lasted 00:13:00 (1171 turns).

VirginKiller the Changer (Demigod Transmuter)       Turns: 1171, Time: 00:13:00

Health: -7/34      AC:  2    Str: 13    XL:     4   Next: 56%
Magic:  5/9        EV:  5    Int: 17    God:
Gold:   85         SH:  0    Dex: 25    Spells: 0/6 levels left

rFire    . . .     SeeInvis .     - Unarmed
rCold    . . .     Gourm    .   (shield currently unavailable)
rNeg     . . .     Faith    .   (armour currently unavailable)
rPois    x         Spirit   .   (helmet currently unavailable)
rElec    .         Reflect  .   (cloak currently unavailable)
rCorr    +         Harm     .   (gloves currently unavailable)
MR       .....                  (boots currently unavailable)
Stlth    ++........             (no amulet)
HPRegen  0.11/turn              i - ring of resist corrosion
MPRegen  0.11/turn              g - +2 ring of dexterity

@: paralysed, spider-form
A: tiny, high mp 1
a: End Transformation


You were on level 3 of the Dungeon.
You were hungry.
You were a venomous arachnid creature.
You visited 1 branch of the dungeon, and saw 3 of its levels.

You collected 85 gold pieces.

Inventory:

Missiles
 a - 42 arrows
Armour
 b - a +0 robe (melded)
Jewellery
 e - an uncursed ring of ice
 g - a +2 ring of dexterity (right front leg)
 i - a ring of resist corrosion (left front leg)
 n - an uncursed ring of fire
Scrolls
 j - a scroll of enchant armour
 l - a scroll of fear {unknown}
 m - a scroll of blinking
 o - 2 scrolls of remove curse
Potions
 h - a potion of degeneration {unknown}
 p - a potion of might {unknown}
 q - a potion of lignification {unknown}
Books
 c - a book of Changes

   Spells                             Type                      Level
   a - Beastly Appendage              Transmutation                1
   b - Sticks to Snakes               Transmutation                2
   c - Spider Form                    Transmutation/Poison         3
   d - Ice Form                       Ice/Transmutation            4
   e - Blade Hands                    Transmutation                5
Comestibles
 d - 5 rations
 f - 8 chunks of flesh


   Skills:
 - Level 0.8 Fighting
 * Level 2.7 Dodging
 - Level 2.6 Unarmed Combat
 - Level 1.7 Spellcasting
 - Level 4.1 Transmutations


You couldn't memorise any spells.
You knew the following spells:

 Your Spells              Type           Power        Failure   Level  Hunger
a - Beastly Appendage     Tmut           ###...       12%         1    #......
b - Spider Form           Tmut/Pois      #.........   47%         3    ###....
c - Sticks to Snakes      Tmut           ###.....     16%         2    ###....


Dungeon Overview and Level Annotations

Branches:
Dungeon (3/15)

Shops:
D:3 *

Annotations:
D:3 2 transporters, Grinder


Innate Abilities, Weirdness & Mutations

You have an increased reservoir of magic. (+10% MP)


Message History

An orc comes into view. It is wielding a club.
The orc shouts!
You hit Grinder but do no damage. Grinder gestures at you.
You suddenly lose the ability to move!
Grinder gestures at you. Pain shoots through your body!
Your ball python misses Grinder.
Your ball python grabs Grinder.
Your ball python constricts Grinder.
The orc throws a tomahawk.
The tomahawk hits you.
Your ball python bites Grinder but does no damage.
Your ball python constricts Grinder.
Grinder hits you.
* * * LOW HITPOINT WARNING * * *
You writhe in agony.
* * * LOW HITPOINT WARNING * * *
Your ball python bites Grinder but does no damage.
Your ball python constricts Grinder.
The orc throws a tomahawk.
The tomahawk hits you.
* * * LOW HITPOINT WARNING * * *
Grinder hits you!
You die...

#)..##.## ####.....# #...#
#####..........# #...#
...#..........# #######.####
............# #..........#
##....!.....# #..........#
#...........#
#..........#####o..........#
#.............S5o..........#
#...........#.s............#
#.........<#..#########....#
#..........#.##oo.....##..##
#..........#.#85......8#=.##
#..........#.#$$.......#...#
#########...#.$.......#...#
#..©#_$....©..#©..#
##..#.[.......#..##
##.#$(...[...#.##


You could see Grinder, an orc warrior, a shadow imp, 3 orcs and a friendly ball
python.

Vanquished Creatures
  3 gnolls (D:2)
  5 adders
  2 worms (D:2)
  A dart slug (D:2)
  2 orcs (D:3)
  2 giant cockroaches
  9 goblins
  4 hobgoblins
  4 jackals (D:1)
  4 kobolds
  A quokka (D:2)
  2 ball pythons
  5 rats
44 creatures vanquished.

Notes
Turn   | Place    | Note
-------+----------+-------------------------------------------
     0 | D:1      | VirginKiller the Demigod Transmuter began the quest for the Orb.
     0 | D:1      | Reached XP level 1. HP: 15/15 MP: 5/5
    43 | D:1      | Reached skill level 2 in Transmutations
   319 | D:1      | Reached XP level 2. HP: 11/22 MP: 5/7
   523 | D:2      | Reached skill level 3 in Transmutations
   562 | D:2      | Reached XP level 3. HP: 12/27 MP: 8/8
   570 | D:2      | Learned a level 3 spell: Spider Form
   729 | D:2      | Reached skill level 4 in Transmutations
   737 | D:2      | Reached XP level 4. HP: 24/34 MP: 4/9
   905 | D:2      | Found a sparkling altar of Nemelex Xobeh.
   905 | D:2      | Found an opulent altar of Gozag.
  1055 | D:3      | Found a radiant altar of Vehumet.
  1096 | D:3      | Found a hide-covered altar of Uskayaw.
  1097 | D:3      | Noticed an orc warrior
  1106 | D:3      | Found a transporter.
  1116 | D:3      | Found a transporter.
  1135 | D:3      | Learned a level 2 spell: Sticks to Snakes
  1155 | D:3      | Noticed Grinder
  1156 | D:3      | Found Zin's Purification Station.
  1156 | D:3      | Found a glowing silver altar of Zin.
  1168 | D:3      | Paralysed by Grinder for 6 turns
  1171 | D:3      | Mangled by Grinder

Vault maps used:
D:1:      eino_arrival_water_cross
D:2:      grunt_temple_overflow_opulence, minmay_close_crescents
D:3:      vehumet_crystals, gammafunk_temple_overflow_arena, zin_purify,
          cheibriados_altar_1, first_ration,
          chequers_ecumenical_altar_simple_redux, kennysheep_generic_room_3,
          uniq_grinder

Skill      XL: |  1  2  3  4 |
---------------+-------------+-----
Transmutations | 2 3 4 |  4.1
Dodging        | 2 |  2.7
Fighting       | |  0.8
Unarmed Combat | |  2.6
Spellcasting   | |  1.7

Action                   |  1- 3 |  4- 6 || total
-------------------------+-------+-------++-------
Melee: Unarmed           |    84 |    33 ||   117
       Kick              |    10 |       ||    10
       Headbutt          |     4 |       ||     4
 Cast: Beastly Appendage |    15 |       ||    15
       Spider Form       |     6 |     9 ||    15
       Sticks to Snakes  |       |     1 ||     1
 Abil: End Transformatio |     1 |       ||     1
  Use: Potion            |     2 |       ||     2
       Scroll            |       |     3 ||     3
 Stab: Sleeping          |     1 |     2 ||     3
  Eat: Chunk             |       |     3 ||     3
Armor: Robe              |     6 |     1 ||     7
       Skin              |     5 |     1 ||     6
Dodge: Dodged            |    54 |    21 ||    75

Table legend:
 A = Spawn XP
 B = Non-spawn XP
 C = Spawn XP percentage of total XP
 D = Spawn monster count
 E = Non-spawn monster count
 F = Spawn count percentage of total count
 G = Total turns spent on level
                    A         B        C        D         E        F      G
               +---------+---------+-------+---------+---------+-------+---------
         Total |       0 |     182 |   0.0 |       0 |      44 |   0.0 |  1171
               +---------+---------+-------+---------+---------+-------+---------
           D:1 |       0 |      28 |   0.0 |       0 |      16 |   0.0 |   516
           D:2 |       0 |     128 |   0.0 |       0 |      21 |   0.0 |   473
           D:3 |       0 |      26 |   0.0 |       0 |       7 |   0.0 |   182
               +---------+---------+-------+---------+---------+-------+---------
